 Dungeon Crawl Stone Soup version 0.29.0-11-gd7f09526c8 (webtiles) character file.

Game seed: 16701416827062155979

314 ketsa the Chiller (level 6, 0/32 HPs)
             Began as a Kobold Ice Elementalist on Sept 2, 2022.
             Slain by a phantom (1 damage)
             ... on level 4 of the Dungeon.
             The game lasted 00:17:43 (3559 turns).

ketsa the Chiller (Kobold Ice Elementalist)         Turns: 3559, Time: 00:17:44

Health: 0/32       AC:  3    Str:  5 (6)  XL:     6   Next: 72%
Magic:  11/11      EV: 14    Int: 15 (18) God:
Gold:   222        SH:  0    Dex: 12 (15) Spells: 5/12 levels left

rFire   + + .      SeeInvis .   n - +0 dagger
rCold   + + .      Faith    .   (no shield)
rNeg    . . .      Spirit   .   a - +1 robe
rPois   +          Reflect  .   (no helmet)
rElec   +          Harm     .   m - scarf {rC+ rF+}
rCorr   +          Rampage  .   (no gloves)
Will    .....                   (no boots)
Stlth   ++++......              (no amulet)
HPRegen 0.10/turn               (no ring)
MPRegen 0.12/turn               (no ring)

@: resistant
A: small, no large weapons, nightstalker 3
a: no special abilities


You were on level 4 of the Dungeon.
You visited 1 branch of the dungeon, and saw 7 of its levels.

You collected 222 gold pieces.

Inventory:

Hand Weapons
 f - a +0 hand axe
 n - a +0 dagger (weapon)
Missiles
 c - 27 stones (quivered)
 o - 2 atropa-tipped darts
 s - 6 poisoned darts
Armour
 a - a +1 robe (worn)
 i - a +0 buckler
 m - a scarf of resistance (worn)
Jewellery
 j - an amulet of guardian spirit
 q - a +6 ring of intelligence
 r - a ring of poison resistance
 u - a ring of fire
Potions
 g - a potion of resistance
 h - a potion of curing


   Skills:
 - Level 2.8 Dodging
 + Level 4.7 Stealth
 + Level 3.8 Spellcasting
 * Level 6.0 Ice Magic


You had 5 spell levels left.
You knew the following spells:

 Your Spells              Type           Power      Damage    Failure   Level
a - Freeze                Ice            84%        1d10      1%          1
b - Frozen Ramparts       Ice            42%        1d7       4%          3
c - Ozocubu's Armour      Ice            21%        N/A       4%          3

Your spell library contained the following spells:

 Spells                   Type           Power      Damage    Failure   Level
 Hailstorm                Conj/Ice       11%        3d5       47%         4
 Ice Form                 Ice/Tmut       11%        N/A       47%         4
 Conjure Flame            Conj/Fire      2%         6-21      50%         3
 Ignite Poison            Fire/Tmut/Pois 2%         N/A       50%         3
 Sticky Flame             Conj/Fire      2%         2d3       88%         4
 Simulacrum               Ice/Necr       5%         N/A       100%        6


Dungeon Overview and Level Annotations

Branches:
Dungeon (7/15)
 Temple: D:4-7

Altars:
Gozag

Shops:
D:1 =   D:2 :

Annotations:
D:4 exclusion: orc wizard


Innate Abilities, Weirdness & Mutations

You are small and have problems with some larger weapons.
You are completely attuned to the shadows.


Message History

* * * LOW HITPOINT WARNING * * *
You closely miss the phantom.
The phantom is moderately damaged.
The phantom hits you but does no damage.
You hit the phantom.
The phantom is heavily damaged.
The phantom hits you but does no damage.
You closely miss the phantom.
The phantom is heavily damaged.
The phantom hits you but does no damage.
You miss the phantom.
The phantom is moderately damaged.
The phantom hits you but does no damage.
You barely miss the phantom.
The phantom is moderately damaged.
The phantom hits you.
* * * LOW HITPOINT WARNING * * *
You hit the phantom but do no damage.
The phantom is moderately damaged.
The phantom hits you.
* * * LOW HITPOINT WARNING * * *
You hit the phantom.
You punch the phantom, but do no damage.
The phantom is heavily damaged.
The phantom hits you but does no damage.
You barely miss the phantom.
The phantom is heavily damaged.
You feel less wooden.
Your scarf of resistance unmelds from your body.
Your +1 robe unmelds from your body.
You feel resistant to extremes of temperature.
The phantom hits you.
* * * LOW HITPOINT WARNING * * *
You hit the phantom.
The phantom is heavily damaged.
The phantom closely misses you.
You hit the phantom.
The phantom is severely damaged.
The phantom hits you.
You die...

o. ...# ..?#..# . ## ...#..#..#
.. .........# .. ..######..##.#
.# ..####....†....##.#### ..#
..>.##..####.........######.##
..#.##..##......#.##.##.......#
........##.#....@W........#.#.#
..#.###......##.#.....#.#.#...
###.# #..###.##...##....#...#
#......# #.##.........#W).#
######.# ### .#............ #..
#.......# ### .......##
..##....


You could see a phantom.

Vanquished Creatures
  A phantom (D:5)
  An orc priest (D:5)
  A hound (D:5)
  Natasha (thrice) (D:2)
  5 adders
  9 orcs
  4 endoplasms
  A giant cockroach (D:1)
  3 goblins
  8 hobgoblins
  A jackal (D:5)
  5 quokkas
  6 ball pythons
  4 bats
  3 frilled lizards
  2 rats (D:1)
57 creatures vanquished.

Notes
Turn   | Place    | Note
-------+----------+-------------------------------------------
     0 | D:1      | ketsa the Kobold Ice Elementalist began the quest for the
                  | Orb.
     0 | D:1      | Reached XP level 1. HP: 10/10 MP: 3/3
   460 | D:1      | Reached XP level 2. HP: 15/15 MP: 3/5
   718 | D:1      | Found Jullo's Jewellery Shop.
  1083 | D:2      | Reached XP level 3. HP: 16/19 MP: 4/6
  1126 | D:2      | Learned a level 3 spell: Frozen Ramparts
  1130 | D:2      | Learned a level 3 spell: Ozocubu's Armour
  1358 | D:2      | Found Ahicw's Book Boutique.
  1561 | D:2      | Reached XP level 4. HP: 24/24 MP: 5/8
  1596 | D:2      | Noticed Natasha
  1601 | D:2      | Killed Natasha
  1716 | D:2      | Noticed Natasha
  1721 | D:2      | Killed Natasha
  1722 | D:2      | Reached skill level 5 in Ice Magic
  1722 | D:2      | Reached XP level 5. HP: 7/28 MP: 5/9
  1747 | D:2      | Noticed Natasha
  1750 | D:2      | Killed Natasha
  2367 | D:3      | You fall into a shaft and drop 3 floors!
  2625 | D:6      | Noticed a water moccasin
  2745 | D:5      | Entered Level 5 of the Dungeon
  2757 | D:6      | Noticed a phantom
  2758 | D:6      | Identified the +1 ring mail "Wes Nots" {rElec rCorr Slay+3}
  3088 | D:4      | Found an opulent altar of Gozag.
  3156 | D:5      | Reached XP level 6. HP: 32/32 MP: 6/11
  3215 | D:5      | Reached skill level 6 in Ice Magic
  3557 | D:4      | HP: 1/32 [phantom (5)]
  3559 | D:4      | Slain by a phantom

Illustrated notes

Levels and vault maps discovered:
D:1:      dpeg_arrival_tiny_i, layout_rooms, serial_shops, shop
D:2:      layout_loops_cross, serial_shops, nicolae_shop_window_shopping,
          corexii_shack, minmay_tromino_v4_c, uniq_natasha
D:3:      layout_basic, ebering_ghost_reflecting_pool
D:4:      layout_loops_cross, nicolae_overflow_hidden_temple,
          mainiacjoe_overflow_big_doors
D:5:      layout_layer_cave, temple_statues, st_stairs_11
D:6:      layout_loops_ring, serial_rivers, chequers_serial_rivers_room_b,
          chequers_serial_rivers_marsh, chequers_serial_rivers_micro_c,
          chequers_serial_rivers_marsh, kennysheep_another_room,
          kennysheep_generic_room_8
D:7:      hellmonk_ruined_rings, layout_cave_pools,
          chequers_serial_rivers_room_a, hangedman_abyss_or_decor_stabs,
          corexii_hall_statues_x, chequers_serial_rivers_large_b

Skill      XL: |  1  2  3  4  5  6 |
---------------+-------------------+-----
Stealth        | 3 4 |  4.7
Spellcasting   | 3 |  3.8
Ice Magic      | 5 6 |  6.0
Dodging        | |  2.8

Action                   |  1- 3 |  4- 6 || total
-------------------------+-------+-------++-------
Melee: Unarmed           |    16 |       ||    16
       Dagger            |    14 |   135 ||   149
       Punch             |       |     2 ||     2
Throw: Stone             |     8 |     2 ||    10
 Cast: Freeze            |    29 |    50 ||    79
       Ozocubu's Armour  |       |     1 ||     1
  Use: Scroll            |       |     7 ||     7
       Potion            |       |    14 ||    14
 Stab: Sleeping          |     5 |     8 ||    13
Armor: Robe              |    12 |     5 ||    17
       Skin              |       |   105 ||   105
Dodge: Dodged            |    36 |    64 ||   100
